Map: Orbital Shipyard

Players

Kelazhur - Winner!

  • Race: Terran Terran
  • League: Master

Chubz

  • Race: Protoss Protoss
  • League: Master

Event: DreamHack ZOWIE Open Leipzig

VOD

Have the link to the VOD?

Description

Time

  • Played on: Jan. 22, 2016, 8:46 p.m.
  • Length: 12:57

All games in this series

Show
View Real Time Build Order
Export as new Build Order

Kelazhur Terran - Winner!

Build Orders: Cyclone Opening, MMM Bio 

Get SALT Encoding   

  12  0:01  SCV  
  13  0:13  SCV  
  14  0:21  Supply Depot  
  14  0:25  SCV  
  15  0:42  SCV  
  16  0:43  Barracks  
  16  0:46  Refinery  
  16  0:54  SCV  
  16  0:56  Refinery  
  17  1:06  SCV  
  18  1:19  SCV  
  19  1:30  Reaper  
  19  1:31  Orbital Command  
  20  1:39  Supply Depot  
  20  1:49  Factory  
  20  1:58  SCV  
  21  2:04  Reaper  
  22  2:10  SCV  
  24  2:22  SCV  
  24  2:34  SCV  
  24  2:37  Starport  
  24  2:40  Factory Tech Lab  
  24  2:47  SCV  
  24  2:55  Command Center  
  24  2:58  Cyclone  
  24  2:59  SCV, Liberator  
  28  3:07  Supply Depot  
  31  3:28  SCV  
  31  3:30  Barracks  
  32  3:36  Supply Depot  
  32  3:40  SCV  
  33  3:44  Cyclone  
  36  3:52  SCV  
  37  4:05  SCV, Viking  
  37  4:06  Orbital Command  
  40  4:17  Barracks  
  40  4:21  Barracks Reactor, Marine  
  40  4:23  SCV  
  42  4:35  SCV  
  42  4:38  Stimpack  
  40  4:39  SCV  
  40  4:41  Marine  
  42  4:46  Refinery  
  42  4:47  SCV  
  42  4:51  SCV  
  44  4:57  Command Center  
  44  4:59  SCV, Marine  
  46  5:02  Marine x2  
  46  5:06  SCV  
  49  5:08  Marine  
  50  5:16  Marine  
  50  5:18  SCV  
  50  5:19  SCV  
  50  5:20  Marine x2  
  55  5:25  Medivac  
  55  5:26  Factory Reactor, Marine  
  58  5:30  SCV, Supply Depot  
  58  5:32  SCV  
  58  5:34  Marine  
  61  5:37  Marine  
  61  5:40  Engineering Bay  
  62  5:46  Supply Depot  
  62  5:48  Barracks Tech Lab  
  62  5:51  Marine  
  62  5:52  SCV x2  
  62  5:55  Marauder  
  66  5:57  Marine  
  66  6:04  SCV  
  68  6:08  Combat Shields, Marauder  
  68  6:09  Supply Depot, Orbital Command  
  68  6:10  SCV  
  71  6:13  Terran Infantry Weapons Level 1  
  71  6:17  Refinery  
  71  6:18  Widow Mine, Medivac x2  
  75  6:20  SCV  
  75  6:22  Marauder  
  75  6:24  Marine x2  
  82  6:27  SCV  
  82  6:30  Orbital Command  
  83  6:33  Missile Turret  
  83  6:36  Marauder  
  83  6:37  SCV  
  86  6:40  SCV  
  86  6:42  Supply Depot  
  87  6:47  Missile Turret  
  87  6:48  Concussive Shells  
  87  6:50  SCV, Liberator x2  
  88  6:57  SCV  
  88  6:58  Marine x2  
  88  6:59  Marauder x2  
  88  7:00  SCV  
  96  7:04  SCV  
  96  7:05  Supply Depot  
  103  7:10  SCV  
  103  7:11  Factory Reactor  
  103  7:15  SCV  
  105  7:21  Marauder x2  
  109  7:26  SCV, Marine x2  
  109  7:27  Supply Depot  
  109  7:29  Supply Depot, SCV  
  113  7:31  Supply Depot  
  113  7:36  SCV  
  107  7:48  SCV  
  103  7:55  Marauder x2, Marine x2  
  103  7:58  SCV x2, Barracks  
  110  8:00  Barracks  
  110  8:01  Barracks  
  111  8:07  Supply Depot  
  111  8:08  Medivac x2  
  111  8:09  SCV  
  111  8:11  SCV  
  117  8:16  Marine x2  
  117  8:18  SCV  
  117  8:19  Widow Mine x2  
  122  8:23  SCV, Marauder x2  
  129  8:30  SCV  
  130  8:36  Marine x2  
  130  8:38  Medivac x2  
  130  8:41  SCV  
  134  8:44  Marauder  
  133  8:52  SCV  
  133  8:53  Widow Mine x2  
  133  8:55  Barracks Reactor, Barracks Tech Lab x2  
  138  8:57  Marine  
  138  8:58  Command Center, Marauder, Refinery, Marine  
  138  9:00  Terran Infantry Armor Level 1, Liberator  
  138  9:01  Ghost Academy  
  142  9:04  Armory  
  142  9:05  Marauder  
  142  9:08  Missile Turret  
  144  9:15  Marine  
  147  9:18  SCV  
  147  9:19  Refinery  
  147  9:23  Supply Depot  
  149  9:27  Liberator  
  149  9:30  Supply Depot x2, Marine  
  149  9:31  SCV  
  149  9:33  Supply Depot  
  149  9:44  Ghost x2, Marine  
  157  9:51  Supply Depot, SCV  
  154  9:54  SCV  
  154  9:55  Liberator  
  148  10:01  Marine  
  149  10:07  Supply Depot  
  149  10:10  Liberator  
  152  10:20  Marine  
  152  10:21  Marauder x3, Marine  
  152  10:31  Marauder  
  152  10:32  Marine x2  
  152  10:35  Widow Mine x2  
  156  10:38  Liberator  
  156  10:42  Marauder x3  
  159  10:46  Marine x2  
  146  10:50  Marine x2  
  146  10:52  Marauder  
  133  11:04  Marine x2, Marauder x3  
  116  11:07  SCV x2  
  116  11:08  Marine x2  
  107  11:12  SCV  
  107  11:14  Marauder  
  107  11:19  SCV  
  107  11:22  SCV, Marine x2  
  107  11:24  SCV  
  107  11:25  Marine, Marauder x3  
  114  11:29  Medivac  
  114  11:30  Widow Mine x2  
  114  11:31  SCV  
  118  11:34  SCV  
  118  11:36  SCV  
  118  11:38  Medivac  
  122  11:43  SCV, Marauder, Marine  
  122  11:44  Marine x2  
  122  11:46  Marauder  
  130  11:54  Sensor Tower  
  130  11:56  Marauder x2  
  134  12:03  Planetary Fortress  
  134  12:04  Marine  
  134  12:05  Marauder  
  137  12:12  Marine  
  138  12:29  Marauder x4, Marine x3  
  149  12:30  Marine  
Show
View Real Time Build Order
Export as new Build Order

Chubz Protoss 

Build Orders:  

Get SALT Encoding   

  12  0:01  Probe (Chrono Boost)  
  13  0:11  Probe (Chrono Boost)  
  14  0:17  Pylon  
  14  0:22  Probe (Chrono Boost)  
  15  0:35  Probe (Chrono Boost)  
  16  0:36  Gateway  
  16  0:46  Probe (Chrono Boost)  
  16  0:49  Assimilator  
  17  0:56  Probe (Chrono Boost)  
  18  1:07  Probe (Chrono Boost)  
  19  1:21  Probe (Chrono Boost)  
  19  1:23  Cybernetics Core  
  20  1:27  Zealot (Chrono Boost)  
  20  1:31  Pylon  
  22  1:33  Assimilator  
  22  1:34  Probe  
  23  1:49  Probe  
  24  2:00  Stalker (Chrono Boost)  
  26  2:01  Probe  
  27  2:13  Probe  
  27  2:26  Probe  
  27  2:31  Adept (Chrono Boost)  
  29  2:38  Probe  
  29  2:42  Nexus  
  30  2:56  Warp Gate (Chrono Boost)  
  30  3:00  Robotics Facility  
  30  3:03  Probe (Chrono Boost)  
  31  3:22  Pylon  
  31  3:36  Stargate  
  31  3:40  Mothership Core  
  33  3:48  Observer (Chrono Boost)  
  34  3:53  Gateway  
  34  3:54  Gateway  
  34  3:55  Probe  
  34  4:01  Probe (Chrono Boost)  
  36  4:07  Probe (Chrono Boost)  
  37  4:12  Observer  
  37  4:13  Probe (Chrono Boost)  
  39  4:17  Probe (Chrono Boost), Assimilator  
  39  4:21  Phoenix (Chrono Boost)  
  42  4:24  Probe  
  42  4:27  Probe  
  44  4:36  Probe (Chrono Boost)  
  44  4:37  Probe (Chrono Boost)  
  46  4:48  Probe (Chrono Boost)  
  46  4:50  Probe (Chrono Boost)  
  48  4:56  Pylon  
  48  4:59  Probe (Chrono Boost)  
  49  5:00  Probe (Chrono Boost)  
  49  5:03  Sentry x2  
  54  5:14  Probe x2 (Chrono Boost), Nexus  
  56  5:16  Pylon  
  56  5:23  Assimilator  
  56  5:24  Probe x2 (Chrono Boost)  
  58  5:28  Pylon  
  58  5:30  Observer  
  58  5:35  Probe x2 (Chrono Boost)  
  61  5:45  Probe (Chrono Boost), Forge  
  61  5:47  Probe (Chrono Boost), Twilight Council  
  63  5:54  Immortal  
  63  5:56  Probe (Chrono Boost)  
  68  6:01  Probe (Chrono Boost)  
  69  6:05  Pylon  
  69  6:06  Probe (Chrono Boost), Protoss Ground Weapons Level 1 (Chrono Boost)  
  70  6:11  Probe (Chrono Boost)  
  70  6:15  Adept x3  
  70  6:17  Probe (Chrono Boost)  
  78  6:24  Probe  
  78  6:25  Probe  
  79  6:29  Probe  
  81  6:33  Immortal, Blink (Chrono Boost)  
  81  6:36  Probe  
  81  6:37  Probe  
  86  6:44  Probe  
  87  6:48  Probe  
  87  6:49  Probe  
  87  6:54  Gateway  
  89  6:56  Gateway x2  
  89  6:57  Pylon  
  89  7:02  Pylon  
  89  7:03  Pylon  
  89  7:06  Probe x2  
  89  7:08  Stalker  
  93  7:10  Stalker  
  93  7:14  Stalker  
  97  7:20  Probe x3  
  100  7:23  Assimilator  
  100  7:28  Assimilator  
  100  7:29  Pylon  
  100  7:30  Pylon  
  100  7:32  Probe  
  101  7:41  Stalker x3  
  107  7:45  Probe  
  107  7:46  Mothership Core  
  108  7:52  Probe  
  108  7:58  Immortal  
  109  8:00  Pylon  
  109  8:01  Pylon  
  109  8:02  Protoss Ground Armor Level 1 (Chrono Boost)  
  109  8:04  Pylon  
  113  8:06  Probe  
  113  8:09  Adept x3  
  113  8:11  Pylon  
  121  8:13  Pylon  
  121  8:17  Stalker x2  
  121  8:19  Resonating Glaives (Chrono Boost), Forge  
  124  8:20  Stalker  
  115  8:42  Probe  
  115  8:43  Adept x3  
  115  8:44  Adept x3  
  115  8:48  Mothership Core, Protoss Ground Weapons Level 2 (Chrono Boost)  
  116  8:50  Probe  
  116  8:53  Pylon  
  116  8:54  Probe  
  116  8:55  Immortal  
  116  8:57  Photon Cannon  
  116  9:02  Probe  
  120  9:07  Adept x5  
  130  9:22  Photon Cannon  
  130  9:24  Stalker  
  130  9:28  Stalker x4  
  130  9:30  Adept  
  142  9:36  Immortal  
  146  9:46  Pylon  
  146  10:01  Adept x6  
  158  10:15  Immortal  
  152  10:23  Adept x6  
  152  10:26  Mothership Core  
  124  10:52  Stalker x6  
  124  10:54  Immortal  
  87  11:19  Cybernetics Core, Zealot x3  
  87  11:20  Zealot x2  
  87  11:21  Probe  
  88  11:33  Probe  
  88  11:37  Nexus  
  89  11:52  Templar Archives  
  89  12:01  Stalker  
  89  12:02  Stalker  
  93  12:17  Probe x2  
  95  12:29  Probe x2  
  97  12:30  High Templar x4  
  97  12:32  Stalker x2  
  97  12:34  Archon  
  97  12:35  Archon  

Tags
 
Add a new tag
Caveats
  • Supply blocks, unpowered buildings, or Contaminate may cause inaccurate times.
  • Supply counts are checked every 10 seconds.